 Dungeon Crawl Stone Soup version 0.26.0-90-g5fd8617961 (webtiles) character file.

Game seed: 6582405323912180194

237642 DasRunzen the Victor of a Thousand Battles (level 18, -12/148 HPs)
             Began as a Demonspawn Gladiator on Feb 1, 2021.
             Was the Champion of Okawaru.
             Mangled by a titanic slime creature (75 damage)
             ... on level 2 of the Vaults on Feb 2, 2021.
             The game lasted 01:59:48 (46099 turns).

DasRunzen the Victor of a Thousand Battles (DsGl)  Turns: 46099, Time: 01:59:49

Health: -12/148    AC: 49    Str: 19    XL:     18   Next: 97%
Magic:  30/30      EV: 18    Int: 15    God:    Okawaru [******]
Gold:   1412       SH:  5    Dex: 19    Spells: 17/17 levels left

rFire    + . .     SeeInvis +   a - +7 executioner's axe of Ifepyulef {venom, *Noise rN+ SInv}
rCold    + . .     Faith    .   (shield currently unavailable)
rNeg     + + .     Spirit   .   C - +6 crystal plate armour of Icweor {rF+ Dex-2 Slay+3}
rPois    .         Reflect  +   c - +2 helmet
rElec    .         Harm     .   X - +2 cloak {Will+}
rCorr    .         Rampage  .   (gloves unavailable)
Will     ++...                  O - +2 pair of boots {Stlth+}
Stlth    ..........             g - amulet "Zukkiyrph" {Reflect Dex+6 SH+5}
HPRegen  0.34/turn              A - ring of Houstr Jarui {rN+ EV+4}
MPRegen  0.22/turn              l - +4 ring of evasion

@: sanguine armour, studying Necromancy
A: claws 3, clever 1, cold resistance 1, foul stench 1, powered by pain 2,
shaggy fur 1, miasma immunity, subdued magic 1, sanguine armour 2
}: 1/15 runes: gossamer
a: Renounce Religion, Heroism, Finesse


You were on level 2 of the Vaults.
You worshipped Okawaru.
Okawaru was exalted by your worship.
You visited 7 branches of the dungeon, and saw 31 of its levels.
You also visited: Volcano.

You collected 3113 gold pieces.
You spent 1701 gold pieces at shops.

Inventory:

Hand Weapons
 a - the +7 executioner's axe of Ifepyulef (weapon) {venom, *Noise rN+ SInv}
   (Okawaru gifted it to you on level 5 of the Lair of Beasts)

   It poisons the flesh of those it strikes.
   It protects you from negative energy.
   It lets you see invisible.
   It may make noises in combat.
 o - the +10 glaive of Tamp {venom, Str+4}
   (Okawaru gifted it to you on level 15 of the Dungeon)

   It poisons the flesh of those it strikes.
   It affects your strength (+4).
 P - a +5 glaive of flaming
 W - the +9 staff of Olgreb {rPois∞}
   (You found it on level 5 of the Dungeon)

   It grants immunity to poison.
Armour
 c - a +2 helmet (worn)
 q - the cursed +0 robe of Huseemp {rElec, unknown}
   (You found it on level 5 of the Lair of Beasts)

   It insulates you from electricity.
   It has a curse placed upon it.
 x - a +3 kite shield of reflection
 z - the +2 robe "Nuibuj" {Str+5, unknown}
   (Okawaru gifted it to you on level 1 of the Vaults)

   It affects your strength (+5).
 C - the +6 crystal plate armour of Icweor (worn) {rF+ Dex-2 Slay+3}
   (Okawaru gifted it to you on level 2 of the Spider Nest)

   It affects your dexterity (-2).
   It affects your accuracy and damage with ranged weapons and melee attacks
   (+3).
   It protects you from fire.
 G - the +7 kite shield "Ixienuypio" {Harm *Drain rF- rN+++}
   (Okawaru gifted it to you on level 4 of the Spider Nest)

   It makes you vulnerable to fire.
   It renders you almost immune to negative energy.
   It causes draining when unequipped.
   It increases damage dealt and taken.
 J - the +6 leather armour of Sophism {rPois Str+3}
   (You found it on level 3 of the Lair of Beasts)

   It affects your strength (+3).
   It protects you from poison.
 O - a +2 pair of boots of stealth (worn)
 U - the +0 chain mail of Vitsung {Str+8, unknown}
   (Okawaru gifted it to you on level 2 of the Vaults)

   It affects your strength (+8).
 X - a +2 cloak of willpower (worn)
 Z - the +10 tower shield of Ignorance {rN+ Int-4}
   (You found it on level 1 of the Orcish Mines)

   It affects your intelligence (-4).
   It protects you from negative energy.
Jewellery
 g - the amulet "Zukkiyrph" (around neck) {Reflect Dex+6 SH+5}
   (You bought it in a shop on level 2 of the Orcish Mines)

   [amulet of reflection]

   It shields you and reflects attacks.
   It affects your dexterity (+6).
   It affects your SH (+5).
 l - a +4 ring of evasion (right claw)
 r - an uncursed ring of resist corrosion
 s - the amulet of the Four Winds {rN+ Will+++ Clar}
   (You bought it in a shop on level 2 of the Orcish Mines)

   [amulet of nothing]

   It protects you from negative energy.
   It affects your willpower, your defense against some magical effects.
   It protects you against confusion.
 v - a +6 ring of dexterity
 A - the ring of Houstr Jarui (left claw) {rN+ EV+4}
   (You found it in a volcano)

   [ring of evasion]

   It affects your evasion (+4).
   It protects you from negative energy.
 E - a +4 ring of protection
 I - an uncursed amulet of reflection {unknown}
 K - an uncursed ring of willpower
Wands
 b - a wand of random effects (61)
 m - a wand of paralysis (22)
 p - a wand of polymorph (15)
 w - a wand of enslavement (12)
 y - a wand of flame (113)
 S - a wand of iceblast (27)
 V - a wand of digging (7)
 Y - a wand of acid (18)
Scrolls
 d - 2 scrolls of magic mapping
 f - 2 scrolls of enchant weapon
 i - 11 scrolls of teleportation
 k - 17 scrolls of remove curse
 n - 9 scrolls of amnesia
 u - 4 scrolls of blinking
 D - a scroll of silence
 Q - a scroll of brand weapon
 T - 2 scrolls of fog
Potions
 e - 2 potions of invisibility
 h - 11 potions of flight
 j - 5 potions of haste
 t - 3 potions of berserk rage
 B - 11 potions of might
 F - 2 potions of cancellation
 H - 14 potions of ambrosia
 L - 5 potions of curing
 M - a potion of heal wounds
Books
 R - a manual of Necromancy


   Skills:
 + Level 14.9 Fighting
 * Level 13.7(15.0) Axes
 - Level 10.7(13.5) Polearms
 - Level 1.7 Throwing
 + Level 13.7 Armour
 + Level 14.0 Dodging
 + Level 17.7 Invocations
 - Level 4.0 Evocations


You had 17 spell levels left.
You didn't know any spells.
Your spell library contained the following spells:

 Spells                   Type           Power        Failure   Level
 Animate Skeleton         Necr           0%           100%        1
 Foxfire                  Conj/Fire      0%           100%        1
 Magic Dart               Conj           0%           100%        1
 Pain                     Necr           0%           100%        1
 Summon Small Mammal      Summ           0%           100%        1
 Call Imp                 Summ           0%           100%        2
 Passwall                 Tmut/Erth      0%           100%        2
 Searing Ray              Conj           0%           100%        2
 Swiftness                Air            0%           100%        2
 Call Canine Familiar     Summ           0%           100%        3
 Conjure Flame            Conj/Fire      0%           100%        3
 Dazzling Flash           Conj/Hex       0%           100%        3
 Ignite Poison            Fire/Tmut/Pois 0%           100%        3
 Inner Flame              Hex/Fire       0%           100%        3
 Summon Guardian Golem    Hex/Summ       0%           100%        3
 Vampiric Draining        Necr           0%           100%        3
 Animate Dead             Necr           0%           100%        4
 Fulminant Prism          Conj/Hex       0%           100%        4
 Iskenderun's Mystic Bla  Conj/Tloc      0%           100%        4
 Passage of Golubria      Tloc           N/A          100%        4
 Sticky Flame             Conj/Fire      0%           100%        4
 Summon Ice Beast         Ice/Summ       0%           100%        4
 Summon Lightning Spire   Summ/Air       0%           100%        4
 Agony                    Necr           0%           100%        5
 Fireball                 Conj/Fire      0%           100%        5
 Lee's Rapid Deconstruct  Erth           0%           100%        5
 Invisibility             Hex            0%           100%        6
 Starburst                Conj/Fire      0%           100%        6
 Ignition                 Fire           0%           100%        8


Dungeon Overview and Level Annotations

Branches:
Dungeon (15/15)            Temple (1/1) D:5            Lair (6/6) D:9
  Swamp (1/4) Lair:3       Spider (4/4) Lair:2        Slime (0/5) Lair:5
    Orc (2/2) D:10            Elf (0/3) Orc:2        Vaults (2/5) D:14
  Crypt (0/3) Vaults:2     Depths (0/5) D:15        Volcano (visited)

Altars:
Ashenzari
Cheibriados
Dithmenos
Elyvilon
Fedhas
Gozag
Hepliaklqana
Kikubaaqudgha
Makhleb
Nemelex Xobeh
Okawaru
Qazlal
Ru
Sif Muna
Trog
Uskayaw
Vehumet
Wu Jian
Xom
Yredelemnul
Zin
The Shining One
Beogh
Jiyva

Shops:
D:4 [   D:6 *   Orc:2 ((!=

Portals:
Trove: D:10 (give horn of Geryon)

Annotations:
D:5 1 runed translucent door
D:9 1 runed translucent door, mojasp's ghost, novice DsFi


Innate Abilities, Weirdness & Mutations

You have claws for hands.
You may emit foul miasma when damaged in melee.
You sometimes gain power by taking damage.
You are immune to miasma.
When seriously injured, your bleeding wounds create thick armour. (AC +9)
Your mind is acute. (Int +2)
Your flesh is cold resistant. (rC+)
You are covered in fur. (AC +1)
Your spells are a little easier to cast, but a little less powerful.


Message History

Unknown command.
You hit the titanic slime creature but do no damage.
The titanic slime creature is heavily wounded.
The titanic slime creature hits you!!!
Your blood congeals into armour.
The titanic slime creature looks sick.
The titanic slime creature completely misses you.
You hit the titanic slime creature.
The titanic slime creature is heavily wounded.
The titanic slime creature hits you but does no damage.
You slice the titanic slime creature!!
The titanic slime creature is severely wounded.
The titanic slime creature closely misses you.
You slash the titanic slime creature!
The titanic slime creature is severely wounded.
The titanic slime creature hits you!!
You are too injured to fight recklessly!
You are too injured to fight recklessly!
The titanic slime creature hits you!!!!
Ouch! That really hurt!
You die...

## ### .##.# .#.#
'.# ######## #T#
.......# ##J#
.......#########@.#
>...(..#(...#..(.##
.......'....#(#.##
.......'(..(..#...
...(...#..(.###....#
###(######[## ######
#.....#.....
##...##.......
##...##.........


You could see a titanic slime creature (extremely poisoned, sick) and a deep
troll.

Vanquished Creatures
  Rupert (D:13)
  Asterion (Vaults:2)
  Gastronok (D:11)
  An ancient champion (Vaults:2)
  A fire giant (Vaults:2)
  6 vault wardens
  4 ghost moths
  A frost giant (Vaults:2)
  5 emperor scorpions
  A large abomination (Vaults:1)
  5 ironheart preservers
  A stone giant (Vaults:2)
  3 very ugly things (Vaults:2)
  Azrael (Orc:2)
  A deep elf annihilator (Vaults:1)
  8 entropy weavers
  2 spark wasps
  An ettin (D:15)
  2 fire dragons (Vaults:1)
  13 hydras
  5 ice dragons
  4 yaktaur captains (Vaults:2)
  5 boulder beetles
  3 vault guards (Vaults:1)
  A great orb of eyes (Vaults:2)
  Erolcha (D:9)
  A catoblepas (Lair:6)
  8 ogre magi
  22 two-headed ogres
  2 centaur warriors
  An alligator (Lair:3)
  A deep troll shaman (Vaults:2)
  15 death yaks
  Urug (Lair:3)
  5 orc high priests
  2 tengu warriors
  Nergalle (Lair:3)
  A skeletal warrior (Vaults:2)
  A hell knight (D:15)
  3 ironbrand convokers
  3 deep trolls (Vaults:2)
  4 unseen horrors
  A swamp dragon (Lair:3)
  A bog body (Lair:3)
  A flayed ghost (Vaults:2)
  A harpy (Vaults:1)
  A deep elf archer (Vaults:1)
  A wizard (Vaults:1)
  A phantasmal warrior (Vaults:2)
  4 orc knights
  A necromancer (D:14)
  3 lindwurms
  Pikel (D:3)
  4 orange crystal statues (Orc:1)
  A faun (shapeshifter) (Vaults:2)
  3 deep elf magi
  37 wolf spiders
  3 orc sorcerers
  A shining eye (shapeshifter) (Vaults:2)
  19 orb spiders
  29 ugly things
  10 cyclopes
  5 manticores
  A guardian serpent (shapeshifter) (Vaults:1)
  2 moths of wrath
  8 elephants
  7 black mambas
  5 vault sentinels
  A gargoyle (D:15)
  3 centaur zombies
  4 torpor snails
  The ghost of mojasp the Covert, a novice FeDe (D:7)
  A smoke demon (Volcano)
  Joseph (D:7)
  10 cane toads
  4 rime drakes
  13 komodo dragons
  3 freezing wraiths (Vaults:2)
  12 yaktaurs
  3 kobold demonologists
  11 demonic crawlers
  A tengu conjurer (D:14)
  A queen bee (Lair:3)
  35 jumping spiders
  6 hornets
  9 trolls
  3 raiju (Lair:6)
  15 polar bears
  Grinder (D:4)
  12 blink frogs (Lair:6)
  12 dream sheep
  5 slime creatures
  67 redbacks
  A spriggan (Lair:3)
  A shadow (D:15)
  21 tarantellas
  5 wyverns
  Sigmund (D:3)
  A vampire (D:13)
  5 wraiths
  45 yaks
  5 fire elementals (Orc:2)
  2 hogs (Lair:5)
  5 basilisks
  2 vampire mosquitoes (D:13)
  3 swamp worms (Lair:3)
  A swamp worm (shapeshifter) (Vaults:1)
  7 wargs
  2 acid dragons (Vaults:2)
  15 water moccasins
  10 soldier ants
  18 hell hounds
  31 orc warriors
  2 eyes of draining
  12 black bears
  6 ice beasts
  A sky beast (D:9)
  3 necrophages
  31 wolves
  17 ogres
  A phantom (D:10)
  11 centaurs
  21 big kobolds
  10 bullfrogs
  A wyvern zombie (D:12)
  A wyvern skeleton (D:9)
  5 scorpions
  37 killer bees
  A howler monkey (D:5)
  9 wights
  4 electric eels
  3 quasits
  5 bullfrog skeletons
  6 hounds
  3 jellies
  23 orc wizards
  Crazy Yiuf (D:2)
  3 centaur skeletons
  31 orc priests
  4 iguanas
  12 worker ants
  Natasha (thrice) (D:2)
  A hound skeleton (D:9)
  12 adders
  8 gnolls
  A shadow imp (D:6)
  4 white imps
  2 ufetubi
  An adder skeleton (D:5)
  2 worms
  A dart slug (D:5)
  6 leopard geckos
  99 orcs
  11 bats
  7 goblins
  7 hobgoblins
  7 jackals
  3 quokkas
  2 ball pythons (D:2)
  2 frilled lizards
  A giant cockroach zombie (D:6)
  27 kobolds
  A quokka skeleton (D:5)
  10 rats
  A crawling corpse (Vaults:1)
1198 creatures vanquished.

Vanquished Creatures (others)
  Kirke (Lair:5)
  A deep elf death mage (Vaults:1)
  2 redbacks (Spider:3)
  34 fungi
  43 plants
81 creatures vanquished.

Grand Total: 1279 creatures vanquished

Notes
Turn   | Place    | Note
-------+----------+-------------------------------------------
     0 | D:1      | DasRunzen the Demonspawn Gladiator began the quest for the
                  | Orb.
     0 | D:1      | Reached XP level 1. HP: 16/16 MP: 1/1
   231 | D:1      | Gained mutation: You are immune to miasma. [demonic
                  | ancestry]
   231 | D:1      | Reached XP level 2. HP: 22/22 MP: 2/2
   695 | D:1      | Reached skill level 1 in Armour
  1186 | D:2      | Reached XP level 3. HP: 20/28 MP: 3/3
  1558 | D:2      | Noticed a scorpion
  1560 | D:2      | Reached XP level 4. HP: 34/34 MP: 4/4
  1812 | D:2      | Noticed Natasha
  1817 | D:2      | Killed Natasha
  1818 | D:2      | Gained mutation: When seriously injured, your bleeding
                  | wounds create armour. (AC +9) [demonic ancestry]
  1818 | D:2      | Reached XP level 5. HP: 19/41 MP: 5/5
  2379 | D:2      | Found a blossoming altar of Fedhas.
  2464 | D:2      | Found a glowing golden altar of the Shining One.
  2593 | D:2      | Found a runed translucent door.
  2594 | D:2      | Noticed Crazy Yiuf
  2613 | D:2      | Killed Crazy Yiuf
  2932 | D:2      | Noticed Natasha
  2945 | D:2      | Killed Natasha
  2946 | D:2      | Reached XP level 6. HP: 47/47 MP: 6/6
  2997 | D:2      | Noticed Natasha
  3011 | D:2      | Killed Natasha
  3180 | D:3      | Noticed Sigmund
  3200 | D:3      | Killed Sigmund
  3453 | D:3      | Found a hazy altar of Hepliaklqana.
  4017 | D:4      | Noticed Pikel
  4052 | D:3      | Killed Pikel
  4053 | D:3      | Reached XP level 7. HP: 22/55 MP: 5/7
  4336 | D:4      | Noticed Grinder
  4667 | D:4      | Paralysed by Grinder for 6 turns
  4674 | D:4      | Killed Grinder
  4675 | D:4      | Reached skill level 5 in Fighting
  4675 | D:4      | Reached skill level 5 in Polearms
  4675 | D:4      | Reached skill level 5 in Dodging
  4675 | D:4      | Reached XP level 8. HP: 23/62 MP: 4/8
  5126 | D:4      | Found Neg Ybia's Armour Boutique.
  5251 | D:5      | Entered Level 5 of the Dungeon
  5364 | D:5      | Found the +9 staff of Olgreb {rPois∞}
  5367 | D:5      | Found a runed translucent door.
  5383 | D:5      | Found a runed translucent door.
  5388 | D:5      | Found a runed translucent gate.
  5412 | D:5      | Found a staircase to the Ecumenical Temple.
  5422 | Temple   | Entered the Ecumenical Temple
  5456 | Temple   | Became a worshipper of Warmaster Okawaru
  5514 | D:5      | Found a transporter.
  5663 | D:5      | Found a transporter.
  5728 | D:5      | Reached skill level 1 in Invocations
  5977 | D:5      | Found a runed translucent gate.
  5977 | D:5      | Found a runed translucent gate.
  6175 | D:6      | Found Riof's Retail Resort.
  6215 | D:6      | Found a glowing silver altar of Zin.
  6217 | D:6      | Found an opulent altar of Gozag.
  6219 | D:6      | Found an ancient bone altar of Kikubaaqudgha.
  6371 | D:6      | Gained mutation: You are dopey. (Int -2) [potion of
                  | mutation]
  6371 | D:6      | Gained mutation: You are covered in fur. (AC +1) [potion of
                  | mutation]
  6845 | D:7      | Reached skill level 2 in Invocations
  7206 | D:7      | Noticed Joseph
  7237 | D:7      | Found a large runed translucent door.
  7237 | D:7      | Found a large runed translucent door.
  7407 | D:7      | Killed Joseph
  7408 | D:7      | Reached skill level 5 in Armour
  7408 | D:7      | Reached skill level 3 in Invocations
  7408 | D:7      | Reached XP level 9. HP: 12/69 MP: 1/11
  7915 | D:7      | Found a burning altar of Makhleb.
  8272 | D:7      | Noticed mojasp's ghost (novice FeDe)
  8477 | D:8      | Reached * piety under Okawaru
  8618 | D:8      | Reached skill level 4 in Invocations
  9508 | D:8      | Found a broken altar of Ashenzari.
 10282 | D:8      | Noticed a kobold demonologist
 10290 | D:8      | Reached skill level 5 in Invocations
 10301 | D:8      | Noticed a sun demon
 10330 | D:8      | Noticed a red devil
 10333 | D:8      | Noticed a soul eater
 10340 | D:8      | Killed a kobold demonologist
 10340 | D:8      | Reached ** piety under Okawaru
 10405 | D:8      | Gained mutation: You sometimes gain a little power by
                  | taking damage. [demonic ancestry]
 10405 | D:8      | Reached XP level 10. HP: 31/79 MP: 11/14
 10464 | D:8      | Reached skill level 6 in Invocations
 10710 | D:9      | Found a staircase to the Lair.
 10739 | D:9      | Noticed Erolcha
 10768 | D:9      | Killed Erolcha
 10768 | D:9      | Reached *** piety under Okawaru
 11372 | D:9      | Noticed a yaktaur captain
 11373 | D:9      | Found a runed translucent door.
 11373 | D:9      | Noticed mojasp's ghost (novice DsFi)
 11610 | D:9      | Reached skill level 7 in Invocations
 11778 | D:10     | Entered Level 10 of the Dungeon
 12770 | D:9      | Reached **** piety under Okawaru
 13820 | D:10     | Found a roughly hewn altar of Beogh.
 13820 | D:10     | Found a staircase to the Orcish Mines.
 14015 | D:10     | Found a portal to a secret trove of treasure.
 14412 | Orc:1    | Entered Level 1 of the Orcish Mines
 14412 | Orc:1    | Found a runed translucent door.
 14412 | Orc:1    | Found the +10 tower shield of Ignorance {rN+ Int-4}
 14412 | Orc:1    | Noticed an orange crystal statue
 14637 | D:11     | Noticed a boulder beetle
 14746 | Lair:1   | Entered Level 1 of the Lair of Beasts
 14788 | Lair:1   | Found a dark tunnel.
 14812 | Lair:1   | Reached XP level 11. HP: 55/86 MP: 11/16
 14845 | Lair:1   | Reached skill level 8 in Invocations
 15017 | Volcano  | Entered a volcano
 15188 | Volcano  | Noticed a red ugly thing
 15210 | Volcano  | Killed a red ugly thing
 15496 | Volcano  | Noticed an orc sorcerer
 15496 | Volcano  | Noticed a red ugly thing
 15508 | Volcano  | Paralysed by an orc sorcerer for 7 turns
 15518 | Volcano  | Killed an orc sorcerer
 15523 | Volcano  | Killed a red ugly thing
 15523 | Volcano  | Reached ***** piety under Okawaru
 15788 | Volcano  | Noticed a red ugly thing
 15801 | Volcano  | Killed a red ugly thing
 15822 | Volcano  | Got a steaming copper ring
 15827 | Volcano  | Identified the ring of Houstr Jarui {rN+ EV+4} (You found
                  | it in a volcano)
 16156 | Lair:1   | Received a gift from Okawaru
 16264 | Lair:1   | Noticed a four-headed hydra
 16275 | Lair:1   | Killed a one-headed hydra
 16275 | Lair:1   | Received a gift from Okawaru
 16276 | Lair:1   | Reached skill level 9 in Invocations
 17950 | Lair:2   | Gained mutation: You have sharp fingernails. [demonic
                  | ancestry]
 17950 | Lair:2   | Reached XP level 12. HP: 95/95 MP: 16/19
 18188 | Lair:2   | Found a hole to the Spider Nest.
 18221 | Lair:2   | Reached skill level 10 in Invocations
 18465 | Lair:2   | Noticed a boulder beetle
 18493 | Lair:2   | Killed a boulder beetle
 18493 | Lair:2   | Received a gift from Okawaru
 18496 | Lair:2   | Got a pair of polished gloves {god gift}
 18502 | Lair:2   | Identified the +2 pair of gloves of Hisoaz {+Inv rN+
                  | Regen+} (Okawaru gifted it to you on level 2 of the Lair of
                  | Beasts)
 18571 | Lair:2   | Noticed a death yak
 18573 | Lair:2   | Noticed a death yak
 18618 | Lair:2   | Killed a death yak
 18625 | Lair:2   | Killed a death yak
 19211 | Lair:3   | Noticed Nergalle
 19247 | Lair:3   | Killed Nergalle
 19330 | Lair:3   | Found a staircase to the Swamp.
 19431 | Lair:3   | Noticed an eight-headed hydra
 19444 | Lair:3   | Killed a seven-headed hydra
 19445 | Lair:3   | Reached skill level 10 in Fighting
 19562 | Lair:3   | Noticed a six-headed hydra
 19572 | Lair:3   | Killed a three-headed hydra
 19601 | Lair:3   | Reached skill level 11 in Invocations
 19619 | Lair:3   | Noticed an eight-headed hydra
 19629 | Lair:3   | Killed a six-headed hydra
 19667 | Lair:3   | Noticed Urug
 19690 | Lair:3   | Killed Urug
 20147 | Lair:3   | Gained mutation: You may emit foul miasma when damaged in
                  | melee. [demonic ancestry]
 20147 | Lair:3   | Reached XP level 13. HP: 104/104 MP: 21/21
 20240 | Lair:3   | Got a jewelled leather armour
 20651 | Lair:4   | Received a gift from Okawaru
 20652 | Lair:4   | Reached skill level 10 in Dodging
 20652 | Lair:4   | Found the +4 skin of Zhor {Englaciate rC+++ SInv}
 20747 | Lair:4   | Reached skill level 10 in Polearms
 20782 | Lair:4   | Reached ****** piety under Okawaru
 20879 | Lair:4   | Reached skill level 12 in Invocations
 21202 | Lair:4   | Reached skill level 10 in Armour
 21401 | Lair:5   | Received a gift from Okawaru
 21432 | Lair:5   | Got a jewelled executioner's axe {god gift}
 21647 | Lair:5   | Reached skill level 1 in Axes
 21660 | Lair:5   | Identified the +7 executioner's axe of Ifepyulef {venom,
                  | *Noise rN+ SInv} (Okawaru gifted it to you on level 5 of
                  | the Lair of Beasts)
 21741 | Lair:5   | Found a viscous altar of Jiyva.
 21742 | Lair:5   | Found a staircase to the Slime Pits.
 21794 | Lair:5   | Noticed Kirke
 21817 | Lair:5   | Killed Kirke
 21955 | Lair:5   | Received a gift from Okawaru
 22091 | Lair:5   | Got an opalescent robe
 22181 | Lair:6   | Entered Level 6 of the Lair of Beasts
 22223 | Lair:5   | Reached XP level 14. HP: 75/113 MP: 16/23
 22466 | Lair:6   | Reached skill level 13 in Invocations
 22600 | Lair:6   | Received a gift from Okawaru
 22619 | Lair:6   | Got a pair of dazzling gloves {god gift}
 22630 | Lair:6   | Identified the +1 pair of gloves of Untold Secrets {+Fly
                  | SInv} (Okawaru gifted it to you on level 6 of the Lair of
                  | Beasts)
 22993 | Lair:6   | Reached skill level 5 in Axes
 23478 | Lair:6   | Identified a scroll of acquirement
 23478 | Lair:6   | Acquired a manual of Necromancy
 23714 | Lair:6   | Received a gift from Okawaru
 23717 | Lair:6   | Got a jewelled halberd {god gift}
 24842 | D:7      | Killed mojasp's ghost
 24928 | D:11     | Gained mutation: When seriously injured, your bleeding
                  | wounds create thick armour. (AC +9) [demonic ancestry]
 24928 | D:11     | Reached XP level 15. HP: 117/120 MP: 23/25
 25266 | D:11     | Identified the +7 halberd of Saifumua {drain, rC+} (Okawaru
                  | gifted it to you on level 6 of the Lair of Beasts)
 25267 | D:11     | Identified the +6 leather armour of Sophism {rPois Str+3}
                  | (You found it on level 3 of the Lair of Beasts)
 25376 | D:11     | Noticed Gastronok
 25385 | D:11     | Killed Gastronok
 25386 | D:11     | Reached skill level 14 in Invocations
 25717 | Orc:1    | Received a gift from Okawaru
 25758 | Orc:1    | Upgraded the game from 0.26.0-57-g60708a5e39 to
                  | 0.26.0-90-g5fd8617961
 26215 | Orc:1    | Found a runed translucent door.
 26310 | Orc:1    | Paralysed by an orc sorcerer for 6 turns
 26461 | Orc:1    | Paralysed by an orc sorcerer for 3 turns
 26839 | Orc:2    | Entered Level 2 of the Orcish Mines
 27080 | Orc:2    | Found a staircase to the Elven Halls.
 27196 | Orc:2    | Found Xagguga's Weapon Emporium.
 27196 | Orc:2    | Found Keugiul's Jewellery Emporium.
 27197 | Orc:2    | Found Miycw's Jewellery Shoppe.
 27200 | Orc:2    | Found Renuusyg's Distillery.
 27300 | Orc:2    | Found Opren's Antique Weapon Boutique.
 27323 | Orc:2    | Found a gate leading to a gauntlet.
 27328 | Orc:2    | Noticed Azrael
 27342 | Orc:2    | Killed Azrael
 27597 | Orc:2    | Found a roughly hewn altar of Beogh.
 28170 | Orc:2    | Bought a potion of mutation for 112 gold pieces
 28170 | Orc:2    | Lost mutation: You are dopey. (Int -2) [potion of mutation]
 28170 | Orc:2    | Lost mutation: You are covered in fur. (AC +1) [potion of
                  | mutation]
 28170 | Orc:2    | Gained mutation: Your flesh is cold resistant. (rC+)
                  | [potion of mutation]
 28170 | Orc:2    | Gained mutation: Your mind is acute. (Int +2) [potion of
                  | mutation]
 28170 | Orc:2    | Gained mutation: You are covered in fur. (AC +1) [potion of
                  | mutation]
 28174 | Orc:2    | Bought the amulet "Zukkiyrph" {Reflect Dex+6 SH+5} for 843
                  | gold pieces
 28174 | Orc:2    | Bought the amulet of the Four Winds {rN+ Will+++ Clar} for
                  | 746 gold pieces
 28174 | Orc:2    | Found the amulet of the Four Winds {rN+ Will+++ Clar}
 28757 | D:12     | You fall into a shaft and drop 1 floor!
 28790 | D:13     | You fall into a shaft and drop 2 floors!
 28790 | D:15     | Entered Level 15 of the Dungeon
 28836 | D:15     | Found a shadowy altar of Dithmenos.
 29025 | D:15     | Received a gift from Okawaru
 29114 | D:15     | Got a brightly glowing glaive {god gift}
 29119 | D:15     | Found a staircase to the Depths.
 29472 | D:15     | Received a gift from Okawaru
 29473 | D:15     | Gained mutation: You have very sharp fingernails. [demonic
                  | ancestry]
 29473 | D:15     | Reached XP level 16. HP: 129/129 MP: 27/27
 29979 | D:14     | Reached skill level 15 in Invocations
 30606 | D:14     | Found a gate to the Vaults.
 30766 | D:13     | Noticed Rupert
 30793 | D:13     | Killed Rupert
 30799 | D:13     | Received a gift from Okawaru
 31198 | D:13     | Identified the +10 glaive of Tamp {venom, Str+4} (Okawaru
                  | gifted it to you on level 15 of the Dungeon)
 32095 | Swamp:1  | Entered Level 1 of the Swamp
 32342 | Spider:1 | Entered Level 1 of the Spider Nest
 32589 | Spider:1 | Reached skill level 10 in Axes
 33839 | Spider:2 | Received a gift from Okawaru
 33847 | Spider:2 | Got an ichor-stained crystal plate armour {god gift}
 34461 | Spider:3 | Reached skill level 1 in Evocations
 34481 | Spider:3 | Gained mutation: You have claws for hands. [demonic
                  | ancestry]
 34481 | Spider:3 | Reached XP level 17. HP: 58/137 MP: 28/28
 34821 | Spider:3 | Reached skill level 16 in Invocations
 35908 | Spider:4 | Entered Level 4 of the Spider Nest
 37184 | Spider:3 | HP: 6/138 [poisoned by a redback]
 38718 | Spider:3 | HP: 6/138 [poisoned by an emperor scorpion]
 38724 | Spider:3 | HP: 4/138 [poisoned by an emperor scorpion]
 38729 | Spider:3 | HP: 4/138 [poisoned by an emperor scorpion]
 38736 | Spider:3 | HP: 4/138 [poisoned by an emperor scorpion]
 38744 | Spider:3 | HP: 5/138 [poisoned by an emperor scorpion]
 39225 | Spider:4 | Received a gift from Okawaru
 39253 | Spider:4 | Got a crude kite shield {god gift}
 40480 | Spider:4 | Got a gossamer rune of Zot
 40845 | Vaults:1 | Entered Level 1 of the Vaults
 41605 | Vaults:1 | Gained mutation: You sometimes gain power by taking damage.
                  | [demonic ancestry]
 41605 | Vaults:1 | Reached XP level 18. HP: 56/146 MP: 30/30
 42597 | Vaults:1 | Received a gift from Okawaru
 42619 | Vaults:1 | Reached skill level 17 in Invocations
 42851 | Vaults:1 | Identified the +6 crystal plate armour of Icweor {rF+ Dex-2
                  | Slay+3} (Okawaru gifted it to you on level 2 of the Spider
                  | Nest)
 42870 | Vaults:1 | Got a distressingly furry robe {god gift}
 44485 | Vaults:2 | Found a staircase to the Crypt.
 44530 | Vaults:2 | Gained mutation: Your spells are a little easier to cast,
                  | but a little less powerful. [a shining eye]
 44560 | Vaults:2 | Received a gift from Okawaru
 44789 | Vaults:2 | Identified the +7 kite shield "Ixienuypio" {Harm *Drain rF-
                  | rN+++} (Okawaru gifted it to you on level 4 of the Spider
                  | Nest)
 44829 | Vaults:2 | Noticed Asterion
 44857 | Vaults:2 | Killed Asterion
 44884 | Vaults:2 | HP: 7/146 [acid (10)]
 45438 | Vaults:2 | Received a gift from Okawaru
 45503 | Vaults:2 | Got a bloodstained chain mail {god gift}
 46099 | Vaults:2 | Mangled by a titanic slime creature

Illustrated notes

Levels and vault maps discovered:
D:1:      lightli_arrival_chessboard, layout_basic
D:2:      wander_river, layout_loops_cross, nicolae_tso_carved_into_rock,
          fedhas_altar_2, uniq_natasha, uniq_crazy_yiuf_cottage
D:3:      layout_loops_ring, nzn_hepliaklqana_mist_gate, uniq_sigmund
D:4:      layout_gridville, serial_shops, nicolae_shop_crystal, feat_on_display,
          uniq_grinder, uniq_pikel
D:5:      gammafunk_steamed_eel, layout_loops_ring, temple_green,
          grunt_ministairs_11, minmay_guarded_unrand_staff_of_olgreb
D:6:      layout_gridville, grunt_temple_overflow_open,
          chequers_serial_rivers_micro_c, nicolae_alphabet_shops
D:7:      layout_basic, kennysheep_mini_moat, ebering_ghost_disaster_area,
          uniq_joseph
D:8:      layout_cave_pools, kennysheep_mini, special_room
          [special_room_kobold], st_stairs_13, minmay_misc_feat_encased
D:9:      layout_roguey, dpeg_oklobed_lair, ebering_ghost_inner_flame,
          eino_tiny_chamber, uniq_erolcha
D:10:     layout_loops_ring, david_orc_5, nicolae_trove_entry_columns,
          minivault_26, corexii_hall_statues_l
D:11:     layout_loops_ring, uniq_gastronok
D:12:     layout_loops_ring
D:13:     layout_basic, uniq_rupert
D:14:     layout_rooms, david_vaults_1
D:15:     hangedman_depths_entry_civil_slaughter, layout_stronghold,
          nicolae_dithmenos_through_a_glass_darkly
Temple:   minmay_freezing_vapour_temple
Lair:1:   layout_roguey, nicolae_volcano_entry_lava_flow, st_stairs_5,
          grunt_forest_stairs_basic, serial_bayou_pond_d
Lair:2:   layout_small_grid, spider_nest_entry_a, lemuel_fruit_tree
Lair:3:   layout_roguey [special_room_bee], nicolae_swamp_entry_splash_gauntlet,
          grunt_megastairs_4, serial_bayou_shore_b, lemuel_fruit_fields,
          infiniplex_staircase_pool, lemuel_fruit_fields, uniq_urug,
          uniq_nergalle
Lair:4:   layout_hall_layers, lemuel_fruit_fields
Lair:5:   layout_misc_corridors, dpeg_slime_entry_enclosed_altar, uniq_kirke
Lair:6:   hangedman_lair_caniforms_friends, layout_gridlike,
          hangedman_lair_in_review, nicolae_lair_grove_arrangements,
          chequers_serial_rivers_small_a
Swamp:1:  layout_basic_swamp, serial_swamp_ruin, evilmike_swamp_ruin_house_1,
          evilmike_swamp_ruin_rubble_1, evilmike_swamp_ruin_house_4,
          swamp_pool1, uniq_aizul, uniq_roxanne, uniq_jorgrun
Spider:1: cheibrodos_spider_silkery
Spider:2: layout_spider_delve
Spider:3: layout_spider_delve, hangedman_spider_tarantella_strand
Spider:4: grunt_spider_rune_island
Orc:1:    layout_caves, chequers_guarded_unrand_ignorance
Orc:2:    st_orc_mages, layout_diamond_mine, serial_shops, shop_statue,
          gauntlet_entry_generic, nicolae_orc_sculptors_studio,
          minmay_orc_temple_c, uniq_azrael
Vaults:1: vaults_standard_mumra_lines, ontoclasm_vaults_loading_screen,
          hangedman_vaults_slither, hangedman_vaults_locks,
          hangedman_vaults_corner, vaults_room_grunt_arrival_ludios,
          vaults_room_pools, v_misc_24, nicolae_vaults_diagonal_hallway_8,
          nicolae_vaults_diagonal_hallway_7, v_misc_30,
          ontoclasm_vaults_gateway, layout_vaults_omnigrid
Vaults:2: ontoclasm_vaults_tryst, grunt_vaults_hallway_long,
          nicolae_vaults_know_your_exits, v_alt_pattern_6,
          minmay_crypt_entry_simple_walls, v_misc_8, v_misc_23,
          ontoclasm_vaults_spin, v_misc_13, nicolae_vaults_little_ls,
          nicolae_vaults_big_angled_halls, v_misc_31, vaults_room_ringed_pool,
          vaults_dpeg_diagonal, nicolae_vaults_windows_and_doors_thing,
          grunt_vaults_hallway_short, nicolae_vaults_asterisk, v_misc_24,
          layout_vaults_omnibox, uniq_asterion

Skill      XL: |  1  2  3  4  5  6  7  8  9 10 11 12 13 14 15 16 17 18 |
---------------+-------------------------------------------------------+-----
Armour         | 1 2 3 4 5 6 7 8 9 10 11 12 13 | 13.7
Dodging        | 3 4 5 6 7 8 9 10 11 12 13 14 | 14.0
Polearms       | 3 4 5 6 7 8 9 10 | 10.7
Fighting       | 3 4 5 6 7 8 9 10 11 12 13 14 | 14.9
Invocations    | 3 5 7 9 11 12 13 14 15 16 17 | 17.7
Axes           | 2 6 9 11 12 13 | 13.7
Evocations     | 1 4 |  4.0
Throwing       | |  1.7

Action                   |  1- 3 |  4- 6 |  7- 9 | 10-12 | 13-15 | 16-18 || total
-------------------------+-------+-------+-------+-------+-------+-------++-------
Melee: Trident           |    96 |   172 |   664 |   777 |       |       ||  1709
       Glaive            |       |       |       |   609 |   323 |       ||   932
       Executioner's axe |       |       |       |       |   936 |  1202 ||  2138
       Unarmed           |       |       |       |       |    14 |       ||    14
Invok: Heroism           |       |       |     1 |       |       |     2 ||     3
       Finesse           |       |       |       |       |     1 |     2 ||     3
  Use: Scroll            |     5 |     4 |     7 |    10 |    10 |    13 ||    49
       Potion            |       |     1 |     2 |     1 |     2 |    11 ||    17
 Stab: Sleeping          |     2 |     4 |     1 |       |       |       ||     7
Armor: Leather armour    |    24 |    35 |   132 |   140 |       |       ||   331
       Fire dragon scale |       |       |       |   242 |   691 |   619 ||  1552
       Crystal plate arm |       |       |       |       |       |   209 ||   209
Dodge: Dodged            |    50 |   107 |   670 |  1511 |  2371 |  2247 ||  6956
Block: Other             |       |       |       |       |    50 |   435 ||   485
       Reflection        |       |       |       |       |     4 |    20 ||    24
